 Dungeon Crawl Stone Soup version 0.26-a0-831-g7192265339 (webtiles) character file.

Game seed: 7261757468669196464

105 mattiecakes the Covered (level 4, 0/29 HPs)
             Began as a Gargoyle Fighter on Nov 16, 2020.
             Slain by an orc
             ... wielding a +0 whip
              (1 damage)
             ... on level 3 of the Dungeon.
             The game lasted 00:01:50 (1317 turns).

mattiecakes the Covered (Gargoyle Fighter)          Turns: 1317, Time: 00:01:50

Health: 0/29       AC: 11    Str: 21    XL:     4   Next: 81%
Magic:  4/4        EV:  7    Int:  8    God:
Gold:   97         SH:  9    Dex:  9    Spells: 3/3 levels left

rFire    . . .     SeeInvis .   a - +0 war axe
rCold    . . .     Faith    .   c - +0 kite shield
rNeg     + . .     Spirit   .   b - +0 scale mail
rPois    ∞         Reflect  .   (no helmet)
rElec    +         Harm     .   f - +0 cloak
rCorr    .         Rampage  .   (no gloves)
MR       .....                  (no boots)
Stlth    ..........             (no amulet)
HPRegen  0.09/turn              (no ring)
MPRegen  0.09/turn              (no ring)

@: no status effects
A: negative energy resistance 1, electricity resistance, unbreathing,
petrification resistance, rot immunity, AC +3
a: no special abilities


You were on level 3 of the Dungeon.
You visited 1 branch of the dungeon, and saw 3 of its levels.

You collected 97 gold pieces.

Inventory:

Hand Weapons
 a - a +0 war axe (weapon)
 g - a +1 whip of venom
Armour
 b - a +0 scale mail (worn)
 c - a +0 kite shield (worn)
 f - a +0 cloak (worn)
Scrolls
 i - a scroll of amnesia
 j - 2 scrolls of teleportation {unknown}
 k - 4 scrolls of remove curse {unknown}
 l - a scroll of fog {unknown}
Potions
 d - a potion of might
 h - a potion of curing {unknown}
 m - a potion of attraction {unknown}


   Skills:
 + Level 4.1 Fighting
 + Level 2.6 Axes
 + Level 4.1 Armour
 + Level 4.0 Shields


You had 3 spell levels left.
You didn't know any spells.
Your spell library was empty.

Dungeon Overview and Level Annotations

Branches:
Dungeon (3/15)

Altars:
Dithmenos
Ru
Zin


Innate Abilities, Weirdness & Mutations

You are resistant to torment.
Your stone body is resilient. (AC +3)
You are immune to poison.
You resist negative energy. (rN+)
You are resistant to electric shocks. (rElec)
You can survive without breathing.
You are immune to petrification.
You are immune to rotting.


Message History

You barely miss the orc priest.
You hit the orc wizard but do no damage.
You block the orc wizard's attack.
The orc priest hits you but does no damage.
You closely miss the orc priest. You closely miss the orc wizard.
The orc priest invokes the aid of Beogh against you.
Beogh smites you! The orc wizard barely misses you.
You closely miss the orc priest. You closely miss the orc wizard.
You slash the bat!
You kill the bat!
The orc priest calls down the wrath of Beogh upon you.
Beogh smites you!
* * * LOW HITPOINT WARNING * * *
The orc wizard begins to cast a cantrip, but forgets the words!
Unknown command.
As you read the scroll labelled ARUDURRALET, it crumbles to dust.
It is a scroll of identify.
i - a scroll of amnesia The orc hits you with a +0 whip.
You die...

............#
...###......## ...
#.......# ..#
#.......# ..
#....<..# .
#.#.#+#.######
#...#........# ####
#............#
...#....#......#@o#
...##...#......#oo#
...##.. ##....##oo#
...# #....##o.#
...# ##..##...#
...# #..# .... ...#
#### ..#. ...#
..#..# ...#


You could see an orc priest, an orc wizard and 4 orcs.

Vanquished Creatures
  4 gnolls (D:3)
  An adder (D:2)
  An ooze (D:2)
  A worm (D:2)
  2 dart slugs
  2 leopard geckos
  3 bats
  4 giant cockroaches
  4 goblins (D:1)
  7 hobgoblins
  3 jackals (D:3)
  3 kobolds
  7 rats
42 creatures vanquished.

Vanquished Creatures (others)
  2 plants (D:1)
2 creatures vanquished.

Grand Total: 44 creatures vanquished

Notes
Turn   | Place    | Note
-------+----------+-------------------------------------------
     0 | D:1      | mattiecakes the Gargoyle Fighter began the quest for the
                  | Orb.
     0 | D:1      | Reached XP level 1. HP: 14/14 MP: 1/1
    19 | D:1      | Reached XP level 2. HP: 18/19 MP: 2/2
   412 | D:2      | Reached XP level 3. HP: 16/23 MP: 3/3
   561 | D:2      | Found a shadowy altar of Dithmenos.
   562 | D:2      | Found a glowing silver altar of Zin.
   562 | D:2      | Found a sacrificial altar of Ru.
  1122 | D:3      | Reached XP level 4. HP: 29/29 MP: 4/4
  1316 | D:3      | HP: 1/29 [orc priest/divine providence (11)]
  1317 | D:3      | Slain by an orc

Illustrated notes

Levels and vault maps discovered:
D:1:      minmay_arrival_plants_in_alcoves, layout_rooms
D:2:      layout_loops_cross, grunt_temple_overflow_open
D:3:      layout_basic, minmay_misc_feat_x

Skill      XL: |  1  2  3  4 |
---------------+-------------+-----
Axes           | 2 |  2.6
Fighting       | 4 |  4.1
Armour         | 4 |  4.1
Shields        | 4 |  4.0

Action                   |  1- 3 |  4- 6 || total
-------------------------+-------+-------++-------
Melee: War axe           |    88 |    38 ||   126
  Use: Scroll            |       |     1 ||     1
Armor: Scale mail        |    44 |    21 ||    65
Dodge: Dodged            |    26 |    17 ||    43
Block: Kite shield       |    52 |    26 ||    78

Table legend: (Time is in decaauts)
 A = Elapsed time spent in this place.
 B = Non-inter-level travel time spent in this place.
 C = Inter-level travel time spent in this place.
 D = Time resting spent in this place.
 E = Time spent auto-exploring this place.
 F = Levels seen in this place.
 G = Mean time per level.
                   A        B        C        D        E       F      G
               +--------+--------+--------+--------+--------+-----+--------+
         Total |   1376 |   1338 |     38 |      0 |   1013 |   3 |  458.7 |
       Dungeon |   1376 |   1338 |     38 |      0 |   1013 |   3 |  458.7 |
               +--------+--------+--------+--------+--------+-----+--------+

Top non-repeatable levels by time:
     D:2: 705 daAuts
     D:1: 421 daAuts
     D:3: 249 daAuts
